 Dungeon Crawl Stone Soup version 0.25.0-26-g0c896c7088 (webtiles) character file.

Game seed: 10449496128839413121

(classic levelgen) 88 EnegeticOcto the Chopper (level 4, -9/40 HPs)
             Began as a Deep Dwarf Fighter on July 5, 2020.
             Was an Initiate of Ru.
             Mangled by an ogre
             ... wielding a +0 giant club
              (21 damage)
             ... on level 5 of the Dungeon.
             The game lasted 00:03:30 (405 turns).

EnegeticOcto the Chopper (Deep Dwarf Fighter)        Turns: 405, Time: 00:03:31

Health: -9/40      AC:  6    Str: 20    XL:     4   Next: 30%
Magic:  4/4        EV:  7    Int:  9    God:    Ru [......]
Gold:   29         SH:  9    Dex: 12    Spells: 3/3 levels left

rFire    . . .     SeeInvis .   a - +0 war axe
rCold    . . .     Gourm    .   c - +0 kite shield
rNeg     . . .     Faith    .   b - +0 scale mail
rPois    .         Spirit   .   (no helmet)
rElec    .         Reflect  .   (no cloak)
rCorr    .         Harm     .   (no gloves)
MR       .....                  (no boots)
Stlth    ..........             (no amulet)
HPRegen  0.00/turn              (no ring)
MPRegen  0.09/turn              (no ring)

@: non-regenerating
A: damage resistance, heal wounds, sense surroundings 1, no regeneration
a: Heal Wounds, Renounce Religion


You were on level 5 of the Dungeon.
You worshipped Ru.
Ru was noncommittal.
You were not hungry.

You visited 1 branch of the dungeon, and saw 5 of its levels.

You collected 29 gold pieces.

Inventory:

Hand Weapons
 a - a +0 war axe (weapon)
Armour
 b - a +0 scale mail (worn)
 c - a +0 kite shield (worn)
Wands
 k - a wand of acid (5) {@v1}
Scrolls
 f - a scroll of teleportation {unknown}
 h - a scroll of remove curse {unknown}
 j - a scroll of blinking {unknown}
 m - a scroll of immolation {unknown}
Potions
 d - a potion of might {@q3 !q}
 g - 3 potions of curing {unknown}
 i - a potion of stabbing {unknown}
 l - a potion of heal wounds {unknown}
 n - a potion of degeneration {unknown}
Comestibles
 e - 3 rations


   Skills:
 - Level 2.6 Fighting
 * Level 4.9 Axes
 - Level 3.2 Armour
 - Level 3.2 Shields
 + Level 1.1 Evocations


You had 3 spell levels left.
You didn't know any spells.
Your spell library was empty.

Dungeon Overview and Level Annotations

Branches:
Dungeon (5/15)
 Temple: D:4-7

Altars:
Ru


Innate Abilities, Weirdness & Mutations

You are resistant to damage.
You can heal yourself by infusing magical energy.
You passively map a small area around you.
You do not regenerate.


Message History

The bat hits you but does no damage. The bat barely misses you.
The bat hits you but does no damage. The bat barely misses you.
The bat hits you but does no damage. The bat completely misses you.
The bat misses you.
You see here a pink potion.
g - 3 pink potions (gained 1)
You block the bat's attack. The bat hits you.
The bat hits you but does no damage.
You slash the bat!
You kill the bat!
Describe a (M)onster, (S)pell, s(K)ill, (A)bility, (C)ard, (I)tem, (F)eature, (G)od, (B)ranch, c(L)oud or s(T)atus?
Describe a (M)onster, (S)pell, s(K)ill, (A)bility, (C)ard, (I)tem, (F)eature, (G)od, (B)ranch, c(L)oud or s(T)atus?
Okay, then.
Unknown command.
There is a sacrificial altar of Ru here.
You kneel at the altar of Ru.
Ru welcomes you!
Found a spear.
Found a stone staircase leading up.
Found 21 bolts.
There is a stone staircase leading up here.
You climb upwards.
The goblin shouts!
A hobgoblin comes into view. It is wielding a +0 club.
The hobgoblin barely misses you.
There is a stone staircase leading down here.
The hobgoblin hits you but does no damage.
The goblin hits you but does no damage.
You climb downwards.
There is a stone staircase leading up here.
You barely miss the hobgoblin. You closely miss the goblin.
You block the hobgoblin's attack. The goblin hits you but does no damage.
You hit the hobgoblin.
The hobgoblin is severely wounded.
You hit the goblin. You block the hobgoblin's attack.
The goblin barely misses you.
You hit the hobgoblin.
You kill the hobgoblin!
You hit the goblin.
You kill the goblin!
Your Evocations skill increases to level 1!
No target in view!
m - a scroll labeled BAJUSAO DUHYLO
Things that are here:
a +0 club; a hobgoblin corpse A kobold comes into view.
It is wielding a +0 short sword.
The kobold shouts!
Found 19 arrows.
Things that are here:
a +0 club; a hobgoblin corpse
There is a stone staircase leading up here.
Things that are here:
a +0 dagger; a cursed -2 hunting sling; 10 stones
Found 19 gold pieces.
Found a war axe and an emerald potion.
A rat comes into view.
You see here 19 gold pieces.
You now have 29 gold pieces (gained 19).
The rat twitches its whiskers.
You block the kobold's attack.
You see here an emerald potion.
n - an emerald potion You block the kobold's attack.
An ooze comes into view.
The ooze quivers.
You block the ooze's attack.
The rat twitches its whiskers.
You slash the ooze!
You kill the ooze!
You slash the kobold!
You kill the kobold!
The rat bites you but does no damage.
You hit the rat.
You kill the rat!
No target in view!
Found a stone staircase leading down.
There is a stone staircase leading down here.
You climb downwards.
Found a stone staircase leading down.
There is a stone staircase leading up here.
There is a stone staircase leading down here.
You climb downwards.
An ogre comes into view. It is wielding a +0 giant club.
The ogre shouts!
There is a stone staircase leading up here.
You slash the ogre!
The ogre is moderately wounded.
You block the ogre's attack.
You barely miss the ogre.
The ogre is moderately wounded.
The ogre hits you with a +0 giant club!!
Ouch! That really hurt!
* * * LOW HITPOINT WARNING * * *
You fail to use your ability.
The ogre hits you with a +0 giant club!!
Ouch! That really hurt!
You die...

* * #. .#
#. .. , ,
#.#*##. *
#.# .. ,
#.##.#* #
#....##.#
,
##.......#
,,,
#..@O...#*
*,
#.......#
, *
#.<.....#
###...###
#...#
##.## , .#
, .# .#


You could see an ogre.

Vanquished Creatures
  Jessica (D:2)
  2 adders
  An ooze (D:3)
  2 worms
  A dart slug (D:1)
  2 leopard geckos
  A giant cockroach (D:2)
  4 goblins
  3 hobgoblins
  3 jackals (D:1)
  7 bats
  A frilled lizard (D:3)
  2 kobolds (D:3)
  A rat (D:3)
31 creatures vanquished.

Vanquished Creatures (others)
  2 minotaurs (D:1)
  A troll (D:1)
  A formicid (D:1)
  3 vampires (D:1)
  A spriggan (D:1)
  A naga (D:1)
  An ogre (D:1)
  A mummy (D:1)
  An orc (D:1)
  4 tentacles (D:1)
16 creatures vanquished.

Grand Total: 47 creatures vanquished

Notes
Turn   | Place    | Note
-------+----------+-------------------------------------------
     0 | D:1      | EnegeticOcto the Deep Dwarf Fighter began the quest for the
                  | Orb.
     0 | D:1      | Reached XP level 1. HP: 20/20 MP: 1/1
     0 | D:1      | Noticed a troll
     0 | D:1      | Noticed a minotaur
     0 | D:1      | Noticed a naga
     0 | D:1      | Noticed a kraken
     0 | D:1      | Noticed a formicid
     0 | D:1      | Noticed a vampire
     0 | D:1      | Noticed an ogre
     0 | D:1      | Noticed a vampire
     0 | D:1      | Noticed a vampire
     0 | D:1      | Noticed a spriggan
     0 | D:1      | Noticed a minotaur
     2 | D:1      | Killed a formicid
     4 | D:1      | Killed an ogre
     6 | D:1      | Killed a minotaur
     7 | D:1      | Killed a vampire
     7 | D:1      | Killed a naga
     7 | D:1      | Killed a spriggan
     7 | D:1      | Killed a troll
     9 | D:1      | Killed a minotaur
    11 | D:1      | Killed a vampire
    11 | D:1      | Killed a vampire
    57 | D:1      | Reached skill level 3 in Axes
    57 | D:1      | Reached XP level 2. HP: 27/27 MP: 2/2
   128 | D:2      | Noticed Jessica
   140 | D:2      | Killed Jessica
   140 | D:2      | Reached skill level 4 in Axes
   140 | D:2      | Reached XP level 3. HP: 18/33 MP: 3/3
   241 | D:3      | Reached XP level 4. HP: 40/40 MP: 4/4
   285 | D:3      | Found a sacrificial altar of Ru.
   312 | D:3      | Became a worshipper of Ru the Awakened
   345 | D:3      | Reached skill level 1 in Evocations
   400 | D:5      | Entered Level 5 of the Dungeon
   400 | D:5      | Noticed an ogre
   405 | D:5      | Mangled by an ogre

Illustrated notes

Levels and vault maps discovered:
D:1:      nicolae_arrival_kraken_aquarium_a, layout_rooms
D:2:      layout_basic, chequers_ecumenical_altar_island, uniq_jessica
D:3:      corexii_shack_village, layout_loops_ring, nicolae_ru_path_of_blood,
          first_ration
D:4:      layout_cave_pods
D:5:      layout_loops_cross, minmay_temple_entry_ruins

Skill      XL: |  1  2  3  4 |
---------------+-------------+-----
Axes           | 3 4 |  4.9
Evocations     | 1 |  1.1
Fighting       | |  2.6
Armour         | |  3.2
Shields        | |  3.2

Action                   |  1- 3 |  4- 6 || total
-------------------------+-------+-------++-------
Melee: War axe           |    64 |    26 ||    90
 Abil: Heal Wounds       |     1 |       ||     1
Armor: Scale mail        |    79 |    23 ||   102
Dodge: Dodged            |    46 |    12 ||    58
Block: Kite shield       |    75 |    26 ||   101
